Map: 紫晶浪漫-天梯版

Players

iGXY (XY)

  • Race: Terran Terran

Cyan - Winner!

  • Race: Protoss Protoss
  • League: Master

Event: DreamHack SC2 Masters 2020 Winter

VOD

Have the link to the VOD?

Description

Time

  • Played on: Nov. 1, 2020, 7:03 a.m.
  • Length: 9:13

All games in this series

Show
View Real Time Build Order
Export as new Build Order

iGXY Terran 

Build Orders: 1/1/1, Widow Mine Drop 

Get SALT Encoding   

  12  0:00  SCV  
  13  0:12  SCV  
  14  0:17  Supply Depot  
  14  0:24  SCV  
  15  0:39  SCV, Barracks  
  16  0:44  Refinery  
  16  0:51  SCV  
  16  0:55  Refinery  
  17  1:03  SCV  
  18  1:15  SCV  
  19  1:26  Marine  
  19  1:27  Orbital Command  
  20  1:33  Factory  
  20  1:41  Supply Depot  
  20  1:45  Barracks Reactor  
  20  1:53  SCV  
  21  2:05  SCV  
  22  2:17  SCV  
  22  2:19  Starport  
  23  2:26  Hellion  
  23  2:27  Hellion, Supply Depot  
  23  2:29  SCV  
  28  2:41  SCV  
  29  2:48  Supply Depot, Widow Mine  
  29  2:49  Widow Mine  
  33  2:53  SCV  
  33  2:56  Medivac  
  36  3:09  Widow Mine  
  36  3:10  Widow Mine  
  39  3:16  SCV  
  39  3:21  Barracks Reactor  
  39  3:42  SCV, Command Center  
  40  3:54  Bunker  
  40  4:01  Marine x2  
  41  4:10  SCV  
  37  4:19  Marine x2  
  37  4:28  SCV  
  37  4:30  Medivac  
  33  4:36  Marine  
  33  4:37  Marine  
  35  4:40  SCV  
  35  4:41  Command Center  
  36  4:48  Factory Tech Lab  
  36  4:52  SCV  
  37  4:54  Marine x2  
  39  5:04  SCV  
  40  5:11  Siege Tank  
  40  5:12  Marine x2, Liberator  
  46  5:16  SCV  
  46  5:28  SCV  
  46  5:30  Marine  
  46  5:35  Supply Depot  
  47  5:41  SCV, Marine  
  47  5:53  SCV, Marine, Siege Tank  
  52  5:59  Marine  
  48  6:05  SCV  
  47  6:11  Orbital Command  
  47  6:14  Marine  
  47  6:15  Supply Depot  
  47  6:16  Marine  
  49  6:19  Starport Tech Lab  
  47  6:28  Siege Tank  
  49  6:34  Marine x2  
  49  6:38  Orbital Command  
  51  6:40  Raven  
  51  6:45  SCV  
  52  6:57  Marine  
  52  7:00  Siege Tank  
  51  7:01  Marine  
  51  7:07  SCV  
  49  7:15  SCV, Marine  
  48  7:19  SCV, Marine  
  51  7:23  Raven  
  51  7:25  Command Center  
  51  7:27  SCV  
  54  7:31  SCV  
  54  7:33  Marine  
  54  7:35  Siege Tank  
  59  7:37  Marine  
  59  7:39  SCV  
  59  7:43  SCV  
  62  7:45  Supply Depot  
  62  7:50  Refinery  
  62  7:51  Refinery  
  62  7:57  Supply Depot  
  62  8:01  Barracks  
  62  8:03  Barracks  
  62  8:06  SCV x2, Marine x2  
  62  8:07  Supply Depot, Siege Tank  
  62  8:08  Supply Depot  
  62  8:10  Supply Depot  
  69  8:18  SCV x2  
  70  8:24  Marine x2  
  69  8:30  SCV x2  
  65  8:39  Siege Tank  
  61  8:42  SCV x2, Marine x2  
  45  8:55  SCV  
Show
View Real Time Build Order
Export as new Build Order

Cyan Protoss - Winner!

Build Orders: Zealot Archon 

Get SALT Encoding   

  12  0:00  Probe  
  13  0:12  Probe  
  14  0:17  Pylon  
  14  0:24  Probe (Chrono Boost)  
  15  0:36  Probe (Chrono Boost), Gateway  
  16  0:44  Probe (Chrono Boost)  
  16  0:46  Assimilator  
  17  0:51  Probe  
  18  1:03  Probe  
  19  1:15  Probe  
  20  1:20  Pylon  
  20  1:25  Cybernetics Core  
  22  1:27  Probe  
  23  1:39  Probe  
  24  1:46  Nexus  
  22  1:52  Probe  
  23  2:00  Adept (Chrono Boost), Warp Gate (Chrono Boost)  
  23  2:01  Assimilator  
  23  2:07  Probe  
  26  2:21  Probe  
  26  2:24  Stalker (Chrono Boost)  
  26  2:29  Pylon  
  28  2:33  Probe  
  29  2:45  Probe  
  29  2:46  Stalker (Chrono Boost)  
  31  2:55  Gateway  
  31  2:58  Gateway  
  31  3:06  Shield Battery  
  31  3:11  Probe  
  31  3:12  Probe  
  31  3:24  Probe x2  
  33  3:29  Robotics Facility  
  33  3:36  Probe x2  
  35  3:42  Stalker  
  35  3:48  Probe x2  
  39  3:52  Stalker  
  41  4:00  Probe  
  41  4:01  Stalker  
  43  4:03  Probe  
  40  4:13  Probe, Pylon  
  40  4:15  Probe  
  42  4:19  Observer  
  43  4:25  Probe (Chrono Boost)  
  43  4:28  Probe (Chrono Boost)  
  45  4:37  Probe (Chrono Boost)  
  47  4:38  Probe (Chrono Boost)  
  47  4:39  Stalker  
  47  4:41  Adept, Observer  
  47  4:42  Probe (Chrono Boost)  
  47  4:43  Probe (Chrono Boost)  
  54  4:46  Stalker  
  54  4:51  Probe  
  57  4:54  Probe  
  57  4:58  Pylon  
  58  5:02  Observer  
  58  5:04  Probe  
  58  5:06  Probe  
  61  5:09  Twilight Council  
  61  5:11  Assimilator  
  59  5:16  Probe  
  59  5:18  Probe  
  59  5:19  Observer  
  59  5:21  Stalker x2  
  63  5:25  Stalker, Observer  
  63  5:28  Probe  
  66  5:30  Probe  
  66  5:32  Assimilator, Observer  
  68  5:38  Pylon  
  68  5:40  Probe  
  69  5:50  Nexus  
  69  5:52  Charge  
  67  6:06  Gateway x2  
  67  6:07  Gateway  
  67  6:14  Gateway  
  67  6:16  Observer  
  67  6:18  Gateway  
  67  6:19  Probe  
  67  6:20  Probe  
  69  6:26  Templar Archives  
  69  6:32  Probe x2  
  71  6:42  Pylon  
  71  6:44  Probe x2, Pylon  
  71  6:45  Pylon  
  71  6:46  Stalker x2  
  77  6:52  Warp Prism (Chrono Boost)  
  75  6:56  Probe  
  74  7:04  Probe  
  75  7:11  Probe x2  
  77  7:15  High Templar x2  
  77  7:16  Probe  
  77  7:18  Gateway, High Templar  
  77  7:19  Gateway, High Templar  
  77  7:20  Archon  
  86  7:23  Warp Prism, Archon  
  86  7:25  Probe  
  88  7:37  Stalker x2  
  88  7:41  Pylon  
  88  7:43  Pylon  
  92  7:57  Zealot x6  
  104  8:06  Pylon  
  104  8:08  Pylon  
  104  8:16  Nexus  
  104  8:18  Zealot  
  104  8:19  Pylon, Zealot x4  
  114  8:22  High Templar x3  
  114  8:26  High Templar  
  122  8:30  Archon  
  122  8:31  Archon  
  110  8:42  Zealot x5  
  110  8:43  Zealot  
Tags
 
Add a new tag
Caveats
  • Supply blocks, unpowered buildings, or Contaminate may cause inaccurate times.
  • Supply counts are checked every 10 seconds.